 Dungeon Crawl Stone Soup version 0.30.0-17-ge0270778cf (webtiles) character file.

Game seed: 12097665827222758936

28184 monsoonserge the Thaumaturge (level 13, -5/148 HPs)
             Began as a Gnoll Air Elementalist on May 22, 2023.
             Was an Elder of Vehumet.
             Slain by a skyshark (6 damage)
             ... on level 3 of the Lair of Beasts.
             The game lasted 02:10:08 (19147 turns).

monsoonserge the Thaumaturge (GnAE)                Turns: 19147, Time: 02:10:10

Health: -5/148     AC: 13    Str: 10    XL:     13   Next: 37%
Magic:  29/35      EV: 13    Int: 27    God:    Vehumet [****..]
Gold:   1436       SH:  6    Dex: 12    Spells: 0/31 levels left

rFire   + + .        R - +4 rapier (venom)
rCold   + . .        c - +0 buckler
rNeg    . . .        j - +2 ring mail {Will+}
rPois   .            a - +0 helmet of the Loofah {rF++ rC- rCorr Int+3}
rElec   .            Y - scarf {shadows}
rCorr   +            N - +2 pair of gloves
SInv    .            (no boots)
Will    +....        (no amulet) Stlth
                     K - ring of protection from cold
HPRegen 0.44/turn    P - ring of Qyuc {rC+ rCorr MP+9 Str+3 Int+3}
MPRegen 0.24/turn

%: no passive effects
@: berserking, freezing walls, very quick
A: fangs 1, strong nose, distributed training
a: Renounce Religion


You were on level 3 of the Lair of Beasts.
You worshipped Vehumet.
Vehumet was greatly pleased with you.
You visited 3 branches of the dungeon, and saw 14 of its levels.
You also visited: Bailey.

You collected 1702 gold pieces.
You spent 266 gold pieces at shops.

Inventory:

Hand Weapons
 m - a +2 hand axe of electrocution
 F - a +3 flail of protection
 R - a +4 rapier of venom (weapon)
 S - a +1 falchion of holy wrath
Missiles
 g - 74 poisoned darts (quivered)
Armour
 a - the +0 helmet of the Loofah (worn) {rF++ rC- rCorr Int+3}
   (You acquired it in a bailey)

   Int:       It affects your intelligence (+3).
   rF:        It greatly protects you from fire.
   rC:        It makes you vulnerable to cold.
   rCorr:     It protects you from acid and corrosion.
 c - a +0 buckler (worn)
 j - a +2 ring mail of willpower (worn)
 N - a +2 pair of gloves (worn)
 Q - a +0 scale mail of poison resistance
 Y - a scarf of shadows (worn)
 Z - +0 acid dragon scales
Magical Staves
 O - the staff of death "Iwneutaa" {rN+ Will+ rCorr Str+2}
   (You found it on level 3 of the Lair of Beasts)

   [staff of death]

   Base accuracy: +5 Base damage: 5 Base attack delay: 1.2 This weapon's minimum
   attack delay (0.6) is reached at skill level 12.
   Str:       It affects your strength (+2).
   rN:        It protects you from negative energy.
   rCorr:     It protects you from acid and corrosion.
   Will:      It increases your willpower.
   It falls into the 'Staves' category.
   It is a one-handed weapon.
 X - a staff of cold
Jewellery
 i - a ring of wizardry
 s - a ring of ice
 H - a ring of fire
 K - a ring of protection from cold (left hand)
 P - the ring of Qyuc (right hand) {rC+ rCorr MP+9 Str+3 Int+3}
   (You found it on level 2 of the Lair of Beasts)

   [ring of magical power]

   Str:       It affects your strength (+3).
   Int:       It affects your intelligence (+3).
   rC:        It protects you from cold.
   MP:        It affects your magic capacity (+9).
   rCorr:     It protects you from acid and corrosion.
Wands
 q - a wand of roots (29)
 u - a wand of mindburst (38)
 y - a wand of polymorph (2)
Scrolls
 d - 3 scrolls of fear
 e - 2 scrolls of enchant weapon
 h - 5 scrolls of poison
 k - 5 scrolls of teleportation
 l - 2 scrolls of blinking {unknown}
 o - a scroll of vulnerability {unknown}
 r - 3 scrolls of amnesia
 v - 4 scrolls of immolation
 D - 5 scrolls of enchant armour
 J - 4 scrolls of fog
 L - a scroll of summoning
 U - a scroll of magic mapping {unknown}
 V - a scroll of silence {unknown}
Potions
 b - 2 potions of magic
 f - 2 potions of berserk rage
 n - a potion of haste
 p - a potion of flight {unknown}
 w - 2 potions of lignification {unknown}
 x - a potion of invisibility {unknown}
 z - 3 potions of might {unknown}
 A - 3 potions of mutation
 B - 6 potions of curing {unknown}
 C - 2 potions of brilliance {unknown}
 E - 2 potions of ambrosia {unknown}
 G - a potion of heal wounds
 I - 2 potions of attraction {unknown}
 M - a potion of degeneration {unknown}
 W - a potion of cancellation {unknown}
Miscellaneous
 t - a box of beasts
 T - a lightning rod (4/4)


   Skills:
 + Level 8.5 Fighting
 + Level 8.5 Short Blades
 + Level 8.5 Long Blades
 + Level 8.5 Axes
 + Level 8.5 Maces & Flails
 + Level 8.5 Polearms
 + Level 8.5 Staves
 + Level 8.5 Ranged Weapons
 + Level 8.5 Throwing
 + Level 8.5 Armour
 + Level 9.7 Dodging
 + Level 9.5 Stealth
 + Level 8.5 Shields
 + Level 8.5 Unarmed Combat
 + Level 9.9 Spellcasting
 + Level 7.4 Conjurations
 + Level 7.1 Hexes
 + Level 7.1 Summonings
 + Level 7.1 Necromancy
 + Level 7.1 Translocations
 + Level 7.1 Transmutations
 + Level 7.1 Fire Magic
 + Level 7.1 Ice Magic
 + Level 9.1 Air Magic
 + Level 7.1 Earth Magic
 + Level 7.1 Poison Magic
 + Level 9.3 Invocations
 + Level 8.5 Evocations


You couldn't memorise any spells.
You knew the following spells:

 Your Spells              Type           Power      Damage    Failure   Level
a - Shock                 Conj/Air       100%       1d9       1%          1
b - Swiftness             Air            58%        N/A       1%          3
c - Airstrike             Air            29%        2d(5-21)  1%          4
d - Teleport Other        Tloc           51%        N/A       1%          3
e - Searing Ray           Conj           100%       2d8       1%          2
f - Frozen Ramparts       Ice            100%       1d16      1%          3
g - Inner Flame           Hex/Fire       51%        N/A       1%          3
h - Vhi's Electric Charg  Tloc/Air       100%       N/A       1%          3
i - Sticky Flame          Conj/Fire      52%        2d7       1%          4
j - Arcjolt               Conj/Air       27%        1d37      3%          5

Your spell library contained the following spells:

 Spells                   Type           Power      Damage    Failure   Level
 Ozocubu's Refrigeration  Ice            25%        4d13      78%         7
 Static Discharge         Conj/Air       100%       2-7/arc   1%          2
 Gell's Gravitas          Tloc           51%        N/A       1%          3
 Plasma Beam              Fire/Air       27%        2x1d44    17%         6
 Dispersal                Tloc           25%        N/A       71%         6


Dungeon Overview and Level Annotations

Branches:
Dungeon (10/15)            Temple (1/1) D:7            Lair (3/5) D:9
 Shoals (0/4) Lair:2       Spider (0/4) Lair:3          Orc (0/2) D:10
 Bailey (visited)

Altars:
Ashenzari
Cheibriados
Dithmenos
Elyvilon
Fedhas
Gozag
Hepliaklqana
Kikubaaqudgha
Makhleb
Nemelex Xobeh
Okawaru
Qazlal
Ru
Sif Muna
Trog
Uskayaw
Vehumet
Wu Jian
Xom
Yredelemnul
Zin
The Shining One
Lugonu

Shops:
D:1 [!   D:5 (   D:10 (

Annotations:
D:4 3 runed translucent doors, domi's ghost, amateur DsGl
D:10 3 runed translucent doors, monsoonserge's ghost, journeyman DEMo
Lair:2 1 runed translucent door


Innate Abilities, Weirdness & Mutations

You have very sharp teeth.
Your uncanny sense of smell can sniff out nearby items.
Your experience applies equally to all skills.


Message History

* * * LOW HITPOINT WARNING * * *
Unknown command.
Press: ? - help, v - describe, . - travel
Here: a skyshark (lightly wounded, berserk, extremely poisoned)
The floor, spattered with blood.
Okay, then.
Casting: Frozen Ramparts (safe; 1% risk of failure)
Confirm with . or Enter, or press ? or * to list all spells.
Okay, then.
Press: ? - help, v - describe, . - travel
Here: a skyshark (lightly wounded, berserk, extremely poisoned)
The floor, spattered with blood.
A red film seems to cover your vision as you go berserk!
You feel yourself moving faster!
You feel mighty!
The wall freezes the skyshark!
The skyshark bites you!
* * * LOW HITPOINT WARNING * * *
The skyshark barely misses you. The skyshark tail-slaps you!
* * * LOW HITPOINT WARNING * * *
The wall freezes the skyshark.
The skyshark seems to slow down.
The skyshark bites you!
* * * LOW HITPOINT WARNING * * *
The skyshark completely misses you. The skyshark barely misses you.
You hit the skyshark.
The skyshark looks as sick as possible!
The skyshark is moderately wounded.
You hit the skyshark.
The skyshark looks as sick as possible!
You bite the skyshark!
The skyshark is heavily wounded.
The wall freezes the skyshark but does no damage.
The skyshark closely misses you. The skyshark tail-slaps you!
* * * LOW HITPOINT WARNING * * *
The skyshark misses you.
You barely miss the skyshark.
The skyshark is heavily wounded.
You hit the skyshark.
The skyshark looks as sick as possible!
The skyshark is heavily wounded.
The wall freezes the skyshark.
The skyshark seems to slow down.
The skyshark bites you.
* * * LOW HITPOINT WARNING * * *
The skyshark completely misses you. The skyshark tail-slaps you.
You die...

#...#### ...#########..#~~..
#....# ...#.......#..#~...
#...##.. .......##.....##..#♣...
##...#...
........#.........♣♣..P
#....#...
#.................♣♣...
##.......
..................##''# #.......
#.............##..#.... #...##.<
......†###.#..##..#....
#...P#...#.....@###.#..#...#P...
#....#..#......l...........#♣P..
##......##................. ####
#..........................
##.)....................^#.# ...
.....##.###...........##..^.
^... ##...# .#
#...........#..^.^^.#.. #..##..#
#......#...##^^.#.#^ . #..##...
#. .^.#^ #.


You could see a skyshark (berserk, extremely poisoned, slow).

Vanquished Creatures
  An orc warlord (Bailey)
  4 hydras
  Pikel (D:7)
  An orc knight (Bailey)
  A lindwurm (Lair:3)
  5 black mambas
  13 cane toads
  A rime drake (Lair:3)
  4 komodo dragons
  2 kobold demonologists (D:9)
  A troll (D:10)
  2 polar bears
  4 hornets
  A tarantella (Lair:3)
  6 blink frogs
  3 dream sheep (Lair:1)
  Sigmund (D:6)
  A wraith (D:9)
  A shadow (D:8)
  3 basilisks
  4 wyverns
  A human (Lair:2)
  39 yaks
  Edmund (D:5)
  An acid dragon (D:10)
  Duvessa (D:5)
  8 water moccasins
  5 orc warriors
  3 ice beasts
  An ogre (D:7)
  A centaur (D:5)
  A phantom (D:5)
  8 kobold brigands
  15 bullfrogs
  3 scorpions
  3 wights (D:7)
  Dowan (D:5)
  3 killer bees (D:9)
  6 howler monkeys
  8 hounds
  8 orc priests
  3 jellies
  A gnoll bouda (D:7)
  A sleepcap (D:5)
  Jessica (D:3)
  6 iguanas
  9 orc wizards
  7 hell rats
  A statue (D:3)
  12 gnolls
  10 adders
  A white imp (D:5)
  5 ufetubi
  3 dart slugs (D:1)
  26 orcs
  7 endoplasms
  2 giant cockroaches (D:1)
  11 hobgoblins
  2 jackals (D:3)
  7 quokkas
  9 ball pythons
  3 bats
  5 frilled lizards
  10 goblins
  26 kobolds
  7 rats
352 creatures vanquished.

Vanquished Creatures (collateral kills)
  2 water moccasins (Lair:1)
  An orc warrior (Bailey)
  A gnoll (Bailey)
  An orc (Bailey)
5 creatures vanquished.

Vanquished Creatures (others)
  An angel (D:6)
1 creature vanquished.

Grand Total: 358 creatures vanquished

Notes
Turn   | Place    | Note
-------+----------+-------------------------------------------
     0 | D:1      | monsoonserge the Gnoll Air Elementalist began the quest for
                  | the Orb.
     0 | D:1      | Reached XP level 1. HP: 13/13 MP: 6/6
   158 | D:1      | Reached XP level 2. HP: 18/19 MP: 1/7
   571 | D:1      | Found Qaviv's Distillery.
   576 | D:1      | Bought a potion of heal wounds for 50 gold pieces
   680 | D:1      | Reached skill level 5 in Spellcasting
   680 | D:1      | Reached XP level 3. HP: 25/25 MP: 5/9
   771 | D:1      | Found Yfirauj's Antique Armour Emporium.
   925 | D:1      | Learned a level 3 spell: Swiftness
   967 | D:1      | Reached skill level 1 in Invocations
  1210 | D:2      | Reached skill level 1 in Fighting
  1210 | D:2      | Reached skill level 1 in Short Blades
  1210 | D:2      | Reached skill level 1 in Long Blades
  1210 | D:2      | Reached skill level 1 in Axes
  1210 | D:2      | Reached skill level 1 in Maces & Flails
  1210 | D:2      | Reached skill level 1 in Polearms
  1210 | D:2      | Reached skill level 1 in Staves
  1210 | D:2      | Reached skill level 1 in Ranged Weapons
  1210 | D:2      | Reached skill level 1 in Throwing
  1210 | D:2      | Reached skill level 1 in Armour
  1210 | D:2      | Reached skill level 1 in Shields
  1210 | D:2      | Reached skill level 1 in Unarmed Combat
  1210 | D:2      | Reached skill level 1 in Evocations
  1405 | D:2      | Reached XP level 4. HP: 32/32 MP: 4/11
  1464 | D:2      | Learned a level 4 spell: Airstrike
  1624 | D:2      | You fall into a shaft and drop 1 floor!
  1624 | D:3      | Found a blossoming altar of Fedhas.
  1633 | D:3      | Reached skill level 1 in Hexes
  1633 | D:3      | Reached skill level 1 in Summonings
  1633 | D:3      | Reached skill level 1 in Necromancy
  1633 | D:3      | Reached skill level 1 in Translocations
  1633 | D:3      | Reached skill level 1 in Transmutations
  1633 | D:3      | Reached skill level 1 in Fire Magic
  1633 | D:3      | Reached skill level 1 in Ice Magic
  1633 | D:3      | Reached skill level 1 in Earth Magic
  1633 | D:3      | Reached skill level 1 in Poison Magic
  1707 | D:3      | Noticed Jessica
  1715 | D:3      | Killed Jessica
  1716 | D:3      | Reached XP level 5. HP: 37/37 MP: 6/12
  2021 | D:3      | Found a radiant altar of Vehumet.
  2021 | D:3      | Noticed a frost-covered statue
  2049 | D:3      | Killed a frost-covered statue
  2057 | D:3      | Became a worshipper of Vehumet
  2331 | D:4      | Found a broken altar of Ashenzari.
  2363 | D:4      | Reached XP level 6. HP: 39/44 MP: 7/13
  2419 | D:4      | Reached skill level 5 in Dodging
  2484 | D:4      | Found a runed translucent gate.
  2484 | D:4      | Found a runed translucent gate.
  2486 | D:4      | Found a runed translucent gate.
  2489 | D:4      | Noticed domi's ghost (amateur DsGl)
  3374 | D:5      | Entered Level 5 of the Dungeon
  3456 | D:5      | Noticed Edmund
  3465 | D:5      | Killed Edmund
  3466 | D:5      | Reached XP level 7. HP: 16/51 MP: 2/15
  3637 | D:5      | Reached skill level 5 in Stealth
  4280 | D:5      | Reached * piety under Vehumet
  4280 | D:5      | Offered knowledge of Magic Dart by Vehumet.
  4397 | D:5      | Found a shadowy altar of Dithmenos.
  4453 | D:5      | Reached XP level 8. HP: 43/58 MP: 16/16
  4936 | D:5      | Found Jiduhuipn's Antique Weapon Shop.
  4956 | D:6      | Noticed Duvessa
  4956 | D:6      | Noticed Dowan
  4959 | D:6      | Found a glowing silver altar of Zin.
  4962 | D:6      | Noticed an angel
  5061 | D:5      | Found an ornate altar of the Wu Jian Council.
  5315 | D:5      | Found a glowing golden altar of the Shining One.
  5865 | D:5      | Killed Dowan
  5874 | D:5      | Killed Duvessa
  6063 | D:6      | Found a shimmering altar of Xom.
  6125 | D:6      | Noticed Sigmund
  6159 | D:6      | Killed Sigmund
  6160 | D:6      | Reached XP level 9. HP: 45/65 MP: 2/18
  6224 | D:6      | Killed an angel
  6348 | D:6      | Learned a level 3 spell: Teleport Other
  6806 | D:7      | Offered knowledge of Searing Ray by Vehumet.
  6806 | D:7      | Reached ** piety under Vehumet
  6821 | D:7      | Learned a level 2 spell: Searing Ray
  6828 | D:7      | Found an opulent altar of Gozag.
  6892 | D:7      | Found a stormy altar of Qazlal.
  7035 | D:7      | Found a flagged portal.
  7043 | D:7      | Noticed Pikel
  7060 | Bailey   | Entered a bailey
  7118 | Bailey   | Noticed an orc warlord
  7233 | Bailey   | Reached skill level 5 in Invocations
  7270 | Bailey   | Noticed an orc knight
  7301 | Bailey   | Killed an orc knight
  7317 | Bailey   | Acquired 850 gold pieces
  7433 | Bailey   | Found a runed translucent gate.
  7434 | Bailey   | Found a runed translucent gate.
  7436 | Bailey   | Found a runed translucent gate.
  7561 | Bailey   | Killed an orc warlord
  7562 | Bailey   | Reached skill level 5 in Fighting
  7562 | Bailey   | Reached skill level 5 in Short Blades
  7562 | Bailey   | Reached skill level 5 in Long Blades
  7562 | Bailey   | Reached skill level 5 in Axes
  7562 | Bailey   | Reached skill level 5 in Maces & Flails
  7562 | Bailey   | Reached skill level 5 in Polearms
  7562 | Bailey   | Reached skill level 5 in Staves
  7562 | Bailey   | Reached skill level 5 in Ranged Weapons
  7562 | Bailey   | Reached skill level 5 in Throwing
  7562 | Bailey   | Reached skill level 5 in Armour
  7562 | Bailey   | Reached skill level 5 in Shields
  7562 | Bailey   | Reached skill level 5 in Unarmed Combat
  7562 | Bailey   | Reached skill level 5 in Evocations
  7562 | Bailey   | Reached XP level 10. HP: 39/74 MP: 0/21
  7768 | Bailey   | Acquired the +0 helmet of the Loofah {rF++ rC- rCorr Int+3}
  7787 | D:7      | Killed Pikel
  7788 | D:7      | Reached skill level 5 in Conjurations
  8156 | D:7      | Found a sparkling altar of Nemelex Xobeh.
  8223 | D:7      | Found a staircase to the Ecumenical Temple.
  8232 | Temple   | Entered the Ecumenical Temple
  8512 | D:7      | Found a burning altar of Makhleb.
  9383 | D:8      | Offered knowledge of Frozen Ramparts by Vehumet.
  9518 | D:9      | Learned a level 3 spell: Frozen Ramparts
  9609 | D:9      | Found a shimmering blue altar of Sif Muna.
  9775 | D:9      | Found a staircase to the Lair.
  9903 | D:9      | Reached *** piety under Vehumet
 10838 | D:9      | Reached skill level 5 in Hexes
 10838 | D:9      | Reached skill level 5 in Summonings
 10838 | D:9      | Reached skill level 5 in Necromancy
 10838 | D:9      | Reached skill level 5 in Translocations
 10838 | D:9      | Reached skill level 5 in Transmutations
 10838 | D:9      | Reached skill level 5 in Fire Magic
 10838 | D:9      | Reached skill level 5 in Ice Magic
 10838 | D:9      | Reached skill level 5 in Earth Magic
 10838 | D:9      | Reached skill level 5 in Poison Magic
 10896 | D:9      | Offered knowledge of Inner Flame by Vehumet.
 10901 | D:9      | Learned a level 3 spell: Inner Flame
 10946 | D:9      | Reached XP level 11. HP: 75/81 MP: 16/22
 11640 | D:10     | Entered Level 10 of the Dungeon
 11998 | D:10     | Reached **** piety under Vehumet
 12260 | D:10     | Learned a level 3 spell: Vhi's Electric Charge
 12396 | D:10     | Found a staircase to the Orcish Mines.
 12624 | D:10     | Found Ugagufyb's Antique Weapon Emporium.
 12636 | D:10     | Found a runed translucent gate.
 12636 | D:10     | Found a runed translucent gate.
 12636 | D:10     | Found a runed translucent gate.
 12636 | D:10     | Noticed monsoonserge's ghost (journeyman DEMo)
 13106 | D:5      | Bought a steaming mace for 216 gold pieces
 13106 | D:5      | Identified the +0 mace "Zit Raky" {heavy, *Slow rN+ Dex+3
                  | Stlth+} (You bought it in a shop on level 5 of the Dungeon)
 13260 | Lair:1   | Entered Level 1 of the Lair of Beasts
 13732 | Lair:1   | Offered knowledge of Sticky Flame by Vehumet.
 13745 | Lair:1   | Learned a level 4 spell: Sticky Flame
 14542 | Lair:1   | Noticed a six-headed hydra
 14600 | Lair:1   | Killed a six-headed hydra
 14806 | Lair:1   | Noticed a five-headed hydra
 14811 | Lair:1   | Killed a five-headed hydra
 14812 | Lair:1   | Reached XP level 12. HP: 91/91 MP: 18/24
 15611 | Lair:2   | Noticed a four-headed hydra
 15652 | Lair:2   | Killed a four-headed hydra
 16189 | Lair:2   | Identified the ring of Qyuc {rC+ rCorr MP+9 Str+3 Int+3}
 16298 | Lair:2   | Found a staircase to the Shoals.
 17039 | Lair:2   | Found a runed translucent door.
 17042 | Lair:2   | Noticed a tentacled starspawn
 17180 | Lair:2   | Reached ***** piety under Vehumet
 17180 | Lair:2   | Offered knowledge of Ozocubu's Refrigeration by Vehumet.
 17637 | Lair:3   | Reached XP level 13. HP: 88/98 MP: 26/26
 17924 | Lair:3   | Paralysed by a hornet for 3 turns
 17930 | Lair:3   | Paralysed by a hornet for 3 turns
 18295 | Lair:3   | Learned a level 5 spell: Arcjolt
 18550 | Lair:3   | Identified the staff of death "Iwneutaa" {rN+ Will+ rCorr
                  | Str+2}
 18586 | Lair:3   | Found a hole to the Spider Nest.
 19145 | Lair:3   | HP: 7/148 [skyshark (9)]
 19147 | Lair:3   | HP: 1/148 [skyshark (6)]
 19147 | Lair:3   | Slain by a skyshark

Illustrated notes

Levels and vault maps discovered:
D:1:      tarquinn_simple_flora_water_a, layout_loops_corners, serial_shops,
          nicolae_shop_trees, shop, st_stairs_10
D:2:      layout_rooms
D:3:      cheibrodos_helix_gallery, layout_rooms, vehumet_statue,
          fedhas_altar_fruit_tree, minmay_bisected, uniq_jessica
D:4:      layout_basic, ashenzari_conservatory_becter,
          gammafunk_ghost_necromancy
D:5:      layout_loops_corners, nicolae_overflow_hidden_temple,
          general_overflow_altar, mainiacjoe_overflow_catwalk, serial_shops,
          shop, uniq_edmund
D:6:      layout_rooms, grunt_temple_overflow_order_and_chaos_1, uniq_duvessa,
          uniq_sigmund
D:7:      layout_basic, mainiacjoe_overflow_surrounded_room,
          nicolae_qazlal_general_emergency, mainiacjoe_overflow_swirl,
          minmay_temple_entry_statues_pillars, enter_bailey_5, uniq_pikel
D:8:      layout_loops_ring, serial_aquarium, aquarium_bridge_straight
          [aquarium_subvault_bridge, aquarium_subvault_window,
          aquarium_subvault_bridge, aquarium_subvault_wall],
          aquarium_bridge_straight [aquarium_subvault_bridge,
          aquarium_subvault_window, aquarium_subvault_bridge,
          aquarium_subvault_wall], aquarium_window_1,
          aquarium_window_corridor_1, aquarium_window_corner, aquarium_view_2c,
          dreamdust_mushroom_princess
D:9:      layout_basic, mainiacjoe_overflow_cross_hatched, dpeg_oklobed_lair,
          nicolae_straight_to_the_point
D:10:     layout_irregular_city, minmay_orc_entry_temple_small,
          gammafunk_ghost_nasty_kobolds, serial_shops, shop, nrook_mini_vaults
Temple:   kb_corrupted_temple
Lair:1:   layout_hall_layers, minmay_holes, minivault_11,
          minmay_shattered_shrine
Lair:2:   layout_regular_city, elwin_shoals_entry_rocks,
          pdpol_lair_cabin_in_the_woods, lemuel_fruit_fields, lemuel_fruit_tree
Lair:3:   cheibrodos_lair_overgrown_chateau, layout_regular_city,
          spider_nest_entry_rubble, minivault_24

Skill      XL: |  1  2  3  4  5  6  7  8  9 10 11 12 13 |
---------------+----------------------------------------+-----
Conjurations   | 2 3 4 5 6 7 |  7.4
Spellcasting   | 5 6 7 8 9 |  9.9
Invocations    | 1 2 3 4 5 6 7 8 9 |  9.3
Fighting       | 1 2 3 4 5 6 7 8 |  8.5
Short Blades   | 1 2 3 4 5 6 7 8 |  8.5
Long Blades    | 1 2 3 4 5 6 7 8 |  8.5
Axes           | 1 2 3 4 5 6 7 8 |  8.5
Maces & Flails | 1 2 3 4 5 6 7 8 |  8.5
Polearms       | 1 2 3 4 5 6 7 8 |  8.5
Staves         | 1 2 3 4 5 6 7 8 |  8.5
Ranged Weapons | 1 2 3 4 5 6 7 8 |  8.5
Throwing       | 1 2 3 4 5 6 7 8 |  8.5
Armour         | 1 2 3 4 5 6 7 8 |  8.5
Shields        | 1 2 3 4 5 6 7 8 |  8.5
Unarmed Combat | 1 2 3 4 5 6 7 8 |  8.5
Evocations     | 1 2 3 4 5 6 7 8 |  8.5
Hexes          | 1 2 3 4 5 6 7 |  7.1
Summonings     | 1 2 3 4 5 6 7 |  7.1
Necromancy     | 1 2 3 4 5 6 7 |  7.1
Translocations | 1 2 3 4 5 6 7 |  7.1
Transmutations | 1 2 3 4 5 6 7 |  7.1
Fire Magic     | 1 2 3 4 5 6 7 |  7.1
Ice Magic      | 1 2 3 4 5 6 7 |  7.1
Earth Magic    | 1 2 3 4 5 6 7 |  7.1
Poison Magic   | 1 2 3 4 5 6 7 |  7.1
Dodging        | 5 6 7 8 9 |  9.7
Stealth        | 5 6 7 8 9 |  9.5
Air Magic      | 6 7 8 9 |  9.1

Action                     |  1- 3 |  4- 6 |  7- 9 | 10-12 | 13-15 || total
---------------------------+-------+-------+-------+-------+-------++-------
  Melee: Whip              |     1 |       |       |       |       ||     1
         Dagger            |    17 |    21 |       |       |       ||    38
         Bite              |     4 |     2 |     5 |    25 |     7 ||    43
         Short sword       |       |     7 |       |       |       ||     7
         Falchion          |       |     5 |       |       |       ||     5
         Flail             |       |       |    46 |    17 |     6 ||    69
         Rapier            |       |       |       |   173 |    31 ||   204
  Throw: Dart              |       |       |     3 |       |     1 ||     4
   Cast: Shock             |    67 |    76 |   157 |    96 |     4 ||   400
         Airstrike         |       |     7 |    24 |    17 |       ||    48
         Swiftness         |       |       |     1 |       |       ||     1
         Searing Ray       |       |       |     3 |    67 |    24 ||    94
         Frozen Ramparts   |       |       |       |    28 |     6 ||    34
         Inner Flame       |       |       |       |     6 |     1 ||     7
         Teleport Other    |       |       |       |     3 |       ||     3
         Sticky Flame      |       |       |       |     6 |     1 ||     7
         Arcjolt           |       |       |       |       |     2 ||     2
  Evoke: Wand              |       |     1 |     6 |     2 |       ||     9
         Box of beasts     |       |       |       |     1 |       ||     1
    Use: Potion            |       |       |     3 |     2 |     1 ||     6
         Scroll            |       |       |     3 |     3 |     7 ||    13
   Stab: Sleeping          |       |     1 |     4 |     6 |     2 ||    13
         Distracted        |       |       |       |     1 |       ||     1
 Armour: Leather armour    |       |    12 |    27 |    33 |       ||    72
         Acid dragon scale |       |       |       |    31 |       ||    31
         Ring mail         |       |       |       |    17 |    38 ||    55
  Dodge: Dodged            |    21 |    40 |   111 |   174 |    42 ||   388
  Block: Buckler           |       |       |    32 |    90 |    19 ||   141
